 Dungeon Crawl Stone Soup version 0.19.1-1-g22dce08 (webtiles) character file.

56 tyranidshit the Skirmisher (level 3, -4/31 HPs)
             Began as a Demonspawn Abyssal Knight on Dec 29, 2016.
             Was a Believer of Lugonu.
             Slain by a worm (5 damage)
             ... on level 2 of the Dungeon.
             The game lasted 00:04:57 (1380 turns).

tyranidshit the Skirmisher (DsAK)                   Turns: 1380, Time: 00:04:57

Health: -4/31      AC:  6    Str: 13    XL:     3   Next: 71%
Magic:  0/4        EV:  7    Int: 13    God:    Lugonu [**....]
Gold:   53         SH: 10    Dex: 12    Spells: 0 memorised, 2 levels left

rFire  . . .     SeeInvis .     a - +1 hand axe
rCold  . . .     Gourm    .     g - +0 scale mail
rNeg   . . .     Faith    .     f - +0 large shield
rPois  .         Spirit   +     (no helmet)
rElec  .         Reflect  .     (no cloak)
rCorr  .         Harm     .     (no gloves)
MR     .....                    (no boots)
Stlth  ..........               (no amulet)
                                (no ring)
                                (no ring)

@: lethally poisoned (-4 -> -7)
A: repulsion field 2, magic shield, MP-powered wands
a: Depart the Abyss, Bend Space, Renounce Religion


You were on level 2 of the Dungeon.
You worshipped Lugonu.
Lugonu was pleased with you.
You were not hungry.

You visited 1 branch of the dungeon, and saw 2 of its levels.
You visited the Abyss 1 time.

You collected 53 gold pieces.

Inventory:

Hand Weapons
 a - a +1 hand axe (weapon)
Armour
 b - a +0 leather armour
 e - a +0 ring mail
 f - a +0 large shield (worn)
 g - a +0 scale mail (worn)
Scrolls
 h - 2 scrolls of teleportation
 i - 2 scrolls of identify
Comestibles
 d - 7 fruits


   Skills:
 + Level 4.7 Fighting
 - Level 1.7 Axes
 - Level 1.7 Armour
 - Level 0.8 Dodging
 - Level 2.4 Invocations


You had 2 spell levels left.
You didn't know any spells.

Dungeon Overview and Level Annotations

Branches:
Dungeon (2/15)

Altars:


Innate Abilities, Weirdness & Mutations

You are surrounded by a moderate repulsion field. (EV +3)
When hurt, damage is shared between your health and your magic reserves.
You expend magic power (3 MP) to strengthen your wands.


Message History

The adder is heavily wounded.
You hit the bat.
* * * LOW HITPOINT WARNING * * *
You feel sick. You block the bat's attack.
The adder bites you but does no damage.
Your shield prevents you from hitting the adder.
The adder is heavily wounded.
You hit the bat.
You kill the bat!
Lugonu accepts your kill. The adder bites you but does no damage.
The adder barely misses you.
Unknown command.
You hit the adder.
The adder is severely wounded.
You hit the worm.
* * * LOW HITPOINT WARNING * * *
You feel sick. The adder bites you.
* * * LOW HITPOINT WARNING * * *
You block the adder's attack. The worm bites you!
You die...

#.. ............ #..
..##........ #....
#.##........ #....
#.##........
#....###.##........
##.......##........
#.......†##).......
.......@S'').......
#.###....w##†.......
+.........####....#.
#.#####.### ....#
#.....#'######....#
#####...........#...
#...........####
#...........# #..##
#...........# ##....


You could see a worm and an adder.

Vanquished Creatures
  An ooze (D:1)
  A dart slug (D:2)
  4 leopard geckos
  2 bats (D:2)
  4 giant cockroaches (D:1)
  9 hobgoblins
  2 jackals (D:1)
  4 frilled lizards (D:1)
  6 goblins
  5 kobolds (D:1)
  6 rats
44 creatures vanquished.

Notes
Turn   | Place    | Note
-------+----------+-------------------------------------------
     0 | Abyss:1  | tyranidshit the Demonspawn Abyssal Knight began the quest for the Orb.
     0 | Abyss:1  | Reached XP level 1. HP: 18/18 MP: 2/2
    41 | Abyss:2  | Noticed a neqoxec
    44 | Abyss:2  | Noticed a quasit
    55 | Abyss:2  | Noticed a neqoxec
    60 | D:1      | Escaped the Abyss
   145 | D:1      | Reached * piety under Lugonu
   203 | D:1      | Gained mutation: You are surrounded by a mild repulsion field. (EV +2) [demonic ancestry]
   203 | D:1      | Reached XP level 2. HP: 11/24 MP: 3/3
   321 | D:1      | Reached skill level 4 in Fighting
   329 | D:1      | Gained mutation: You expend magic power (3 MP) to strengthen your wands. [potion of mutation]
   329 | D:1      | Gained mutation: You are surrounded by a moderate repulsion field. (EV +3) [potion of mutation]
   365 | D:1      | Gained mutation: When hurt, damage is shared between your health and your magic reserves. [demonic ancestry]
   365 | D:1      | Reached XP level 3. HP: 4/30 MP: 4/4
  1321 | D:2      | Reached ** piety under Lugonu
  1380 | D:2      | HP: 1/31 [adder (1)]
  1380 | D:2      | Slain by a worm

Skill      XL: |  1  2 |
---------------+-------+-----
Fighting       | 4 |  4.7
Axes           | |  1.7
Armour         | |  1.7
Dodging        | |  0.8
Invocations    | |  2.4

Action                   || total
-------------------------++-------
Melee: Hand axe          ||   160
Invok: Depart the Abyss  ||     1
  Use: Scroll            ||     6
       Potion            ||     4
  Eat: Bread ration      ||     1
Armor: Ring mail         ||     9
       Scale mail        ||    80
Dodge: Dodged            ||    67
Block: Large shield      ||    93
